 Dungeon Crawl Stone Soup version 0.30-a0-141-g30f27751c5 (webtiles) character file.

Game seed: 5952498255005749728

1745 Zonian the Fighter (level 9, 0/51 HPs)
             Began as a Vine Stalker Fighter on Sept 25, 2022.
             Killed from afar by a steam dragon (17 damage)
             ... with a ball of steam
             ... on level 6 of the Dungeon.
             The game lasted 00:16:16 (5458 turns).

Zonian the Fighter (Vine Stalker Fighter)           Turns: 5458, Time: 00:16:17

Health: 0/51       AC:  8    Str: 19    XL:     9   Next: 6%
Magic:  0/10       EV: 10    Int:  8    God:
Gold:   345        SH:  7    Dex: 18    Spells: 8/8 levels left

rFire   . . .      SeeInvis .    d - +3 dagger (venom)
rCold   + . .      Faith    .    c - +1 buckler
rNeg    . . .      Spirit   +    G - +1 ring mail of the Ecumenical Temple {rPois rC+}
rPois   +          Reflect  .    t - +1 helmet
rElec   .          Harm     .    (no cloak)
rCorr   .          Rampage  .    (no gloves)
Will    +....                    (no boots)
Stlth   +.........               (no amulet)
HPRegen 0.97/turn                (no ring)
MPRegen 0.12/turn                (no ring)

@: no status effects
A: fangs 3, regeneration 1, magic shield, antimagic bite, no potion heal 2
a: no special abilities


You were on level 6 of the Dungeon.
You visited 2 branches of the dungeon, and saw 7 of its levels.
You also visited: Sewer and Ossuary.

You collected 345 gold pieces.

Inventory:

Hand Weapons
 a - a +0 rapier
 d - a +3 dagger of venom (weapon)
 i - a +0 sling
 o - a +0 whip of electrocution
 H - a +3 trident
 I - a +2 vampiric whip
Missiles
 r - 5 poisoned darts (quivered)
 s - 2 javelins
 J - 3 boomerangs
Armour
 b - a +0 scale mail
 c - a +1 buckler (worn)
 h - a +0 leather armour
 j - a +3 chain mail
 m - a +0 helmet
 n - the +6 scale mail of Ceoff {*Slow Fly Str-3 Dex+8}
   (You found it on level 4 of the Dungeon)

   Str:       It affects your strength (-3).
   Dex:       It affects your dexterity (+8).
   Fly:       It grants you flight.
   *Slow:     It may slow you when you take damage.
 t - a +1 helmet (worn)
 x - the +0 ring mail of the Hanged Man {rElec Regen+ Int-4 SInv}
   (You found it on level 4 of the Dungeon)

   Int:       It affects your intelligence (-4).
   rElec:     It insulates you from electricity.
   SInv:      It lets you see invisible.
   Regen:     It increases your rate of health regeneration.
 G - the +1 ring mail of the Ecumenical Temple (worn) {rPois rC+}
   (You found it on level 5 of the Dungeon)

   rC:        It protects you from cold.
   rPois:     It protects you from poison.
Magical Staves
 k - a staff of cold
Jewellery
 v - a ring of protection from fire
 F - a ring of protection from fire
Wands
 l - a wand of flame (21)
 C - a wand of mindburst (5)
 D - a wand of charming (6)
Scrolls
 w - a scroll of silence
 y - 5 scrolls of teleportation
 A - a scroll of enchant weapon
 B - 3 scrolls of summoning
 K - a scroll of blinking {unknown}
Potions
 e - a potion of cancellation {unknown}
 f - 5 potions of curing
 g - 2 potions of magic {unknown}
 p - a potion of ambrosia
 q - 2 potions of resistance
 u - 5 potions of degeneration {unknown}
 z - a potion of attraction {unknown}
 E - a potion of berserk rage


   Skills:
 - Level 8.0 Fighting
 + Level 6.0 Short Blades
 - Level 2.4 Armour
 - Level 5.0 Shields


You had 8 spell levels left.
You didn't know any spells.
Your spell library was empty.

Dungeon Overview and Level Annotations

Branches:
Dungeon (6/15)             Temple (1/1) D:6           Sewer (visited)
Ossuary (visited)

Altars:
Ashenzari
Cheibriados
Dithmenos
Elyvilon
Fedhas
Gozag
Hepliaklqana
Kikubaaqudgha
Nemelex Xobeh
Okawaru
Qazlal
Ru
Sif Muna
Trog
Vehumet
Wu Jian
Xom
Yredelemnul
Zin
The Shining One

Annotations:
D:4 Dowan, Duvessa


Innate Abilities, Weirdness & Mutations

You have razor-sharp teeth.
Your natural rate of healing is unusually fast.
When hurt, damage is shared between your health and your magic reserves.
Your bite disrupts and absorbs the magic of your enemies.
Potions cannot restore your health.


Message History

The steam dragon is lightly wounded.
The steam dragon bites you.
The steam dragon claws you but does no damage.
You hit the steam dragon but do no damage.
You bite the steam dragon. You drain its power.
You feel invigorated.
The steam dragon is moderately wounded.
The steam dragon bites you! You block the steam dragon's attack.
You completely miss the steam dragon. Your bite misses the steam dragon.
The steam dragon is moderately wounded.
The steam dragon bites you! The steam dragon closely misses you.
You barely miss the steam dragon.
The steam dragon is moderately wounded.
You completely miss the steam dragon.
The steam dragon is moderately wounded.
The steam dragon bites you.
The steam dragon claws you but does no damage.
You hit the steam dragon but do no damage.
The steam dragon is poisoned.
You bite the steam dragon! You drain its power.
You feel invigorated.
The steam dragon is heavily wounded.
The steam dragon barely misses you. x2
You hit the steam dragon.
The steam dragon looks as sick as possible!
The steam dragon is severely wounded.
The steam dragon breathes steam at you. The ball of steam hits you!
You hit the steam dragon but do no damage.
The steam dragon looks as sick as possible!
Your bite misses the steam dragon.
The steam dragon is severely wounded.
Unknown command.
You closely miss the steam dragon.
You bite the steam dragon, but do no damage.
The steam dragon is severely wounded.
The steam dragon bites you. The steam dragon claws you.
You hit the steam dragon but do no damage.
The steam dragon is severely wounded.
The steam dragon breathes steam at you. The ball of steam hits you!!
You die...

#........##.....##.
#.######.#.......#.....###
#........#..###..#.....###
######..##.......#........
#..##...#...#........
#..##...#...#...#....
##..####.#.......#####
#..>§§D...........
#.###@§§##..#..... #.
+§..+...#..... ## #.§§#..
#....#. #...# #.... #....
##...# ..## ..#


You could see a steam dragon (extremely poisoned, catching breath).

Vanquished Creatures
  A wyvern (D:6)
  Eustachio (D:6)
  A water moccasin (D:5)
  Pargi (Sewer)
  A sky beast (D:6)
  3 ogres
  A phantom (D:5)
  A necrophage (D:4)
  2 gnoll sergeants
  3 scorpions
  2 hounds (D:5)
  A jelly (D:6)
  An iguana (D:5)
  5 orc wizards
  Robin (D:3)
  6 adders
  10 gnolls
  A dart slug (D:2)
  13 orcs
  8 endoplasms
  3 giant cockroaches
  11 goblins
  11 hobgoblins
  3 jackals (D:3)
  7 kobolds
  2 quokkas
  6 bats
  2 frilled lizards (D:3)
  A jackal zombie (D:4)
  An orc zombie (D:4)
  10 rats
120 creatures vanquished.

Notes
Turn   | Place    | Note
-------+----------+-------------------------------------------
     0 | D:1      | Zonian the Vine Stalker Fighter began the quest for the
                  | Orb.
     0 | D:1      | Reached XP level 1. HP: 11/11 MP: 2/2
   546 | D:1      | Reached XP level 2. HP: 16/16 MP: 3/3
   566 | D:1      | Found a faded altar of an unknown god.
  1520 | D:2      | Reached skill level 3 in Fighting
  1731 | D:2      | Reached XP level 3. HP: 17/20 MP: 4/4
  2168 | D:3      | Noticed Robin
  2521 | D:3      | Killed Robin
  2572 | D:3      | Gained mutation: Your natural rate of healing is unusually
                  | fast. [Vine Stalker growth]
  2572 | D:3      | Reached XP level 4. HP: 24/24 MP: 5/5
  3048 | D:3      | Found a glowing silver altar of Zin.
  3263 | D:4      | Identified the +6 scale mail of Ceoff {*Slow Fly Str-3
                  | Dex+8}
  3267 | D:4      | Noticed a scorpion
  3273 | D:4      | Killed a scorpion
  3274 | D:4      | Reached XP level 5. HP: 29/29 MP: 6/6
  3362 | D:4      | Found a sand-covered staircase.
  3368 | D:4      | Reached skill level 4 in Fighting
  3381 | Ossuary  | Entered an ossuary
  3490 | D:4      | Noticed Dowan
  3492 | D:4      | Noticed Duvessa
  3499 | D:4      | Reached XP level 6. HP: 33/33 MP: 7/7
  3583 | D:4      | Identified the +0 ring mail of the Hanged Man {rElec Regen+
                  | Int-4 SInv}
  3917 | D:5      | Entered Level 5 of the Dungeon
  3923 | D:5      | Noticed a water moccasin
  3942 | D:5      | Killed a water moccasin
  4053 | D:5      | Reached XP level 7. HP: 38/38 MP: 6/8
  4203 | D:5      | Reached skill level 5 in Fighting
  4325 | D:5      | Found a glowing drain.
  4413 | Sewer    | Entered a sewer
  4441 | Sewer    | Noticed Pargi
  4455 | Sewer    | Killed Pargi
  4456 | Sewer    | Reached skill level 5 in Shields
  4456 | Sewer    | Gained mutation: You have razor-sharp teeth. [Vine Stalker
                  | growth]
  4456 | Sewer    | Reached XP level 8. HP: 38/44 MP: 7/9
  4555 | D:5      | Reached skill level 6 in Fighting
  4695 | D:5      | Identified the +1 ring mail of the Ecumenical Temple {rPois
                  | rC+}
  4848 | D:5      | Reached skill level 5 in Short Blades
  5001 | D:6      | Found a staircase to the Ecumenical Temple.
  5019 | Temple   | Entered the Ecumenical Temple
  5210 | D:6      | Noticed Eustachio
  5211 | D:6      | Found a white marble altar of Elyvilon.
  5220 | D:6      | Killed Eustachio
  5221 | D:6      | Reached skill level 7 in Fighting
  5335 | D:6      | Noticed a wyvern
  5342 | D:6      | Killed a wyvern
  5343 | D:6      | Reached XP level 9. HP: 39/51 MP: 7/10
  5392 | D:6      | Reached skill level 8 in Fighting
  5458 | D:6      | Killed from afar by a steam dragon

Illustrated notes

Levels and vault maps discovered:
D:1:      psy_arrival_fountain, layout_basic, ebering_ecumenical_altar_mist,
          glass_columns_c
D:2:      layout_basic, dreamdust_princess_bridge, chequers_jeans,
          minmay_rat_gold_closets
D:3:      layout_loops_ring, lemuel_doored_altar, uniq_robin
D:4:      layout_rooms, enter_ossuary_3, uniq_duvessa
D:5:      layout_loops_ring, gup_sewer_entry_glass
D:6:      layout_basic, mainiacjoe_overflow_catwalk,
          minmay_temple_entry_mini_moons, gammafunk_ghost_icy, uniq_eustachio
Temple:   mainiacjoe_temple_coin_purse

Skill      XL: |  1  2  3  4  5  6  7  8  9 |
---------------+----------------------------+-----
Short Blades   | 2 3 4 5 6 |  6.0
Shields        | 3 4 5 |  5.0
Fighting       | 3 4 5 7 8 |  8.0
Armour         | |  2.4

Action                   |  1- 3 |  4- 6 |  7- 9 || total
-------------------------+-------+-------+-------++-------
Melee: Rapier            |    17 |       |       ||    17
       Bite              |    22 |    27 |    80 ||   129
       Dagger            |    77 |   109 |   237 ||   423
       Whip              |       |     4 |       ||     4
Throw: Dart              |       |       |     5 ||     5
       Javelin           |       |       |     1 ||     1
Evoke: Wand              |       |       |     1 ||     1
  Use: Potion            |     1 |       |       ||     1
       Scroll            |     3 |     8 |     2 ||    13
Armor: Scale mail        |    18 |     3 |       ||    21
       Chain mail        |       |    28 |       ||    28
       Ring mail         |       |    11 |    54 ||    65
Dodge: Dodged            |    22 |    31 |    75 ||   128
Block: Buckler           |    17 |    21 |    48 ||    86

Table legend: (Time is in decaauts)
 A = Elapsed time spent in this place.
 B = Non-inter-level travel time spent in this place.
 C = Inter-level travel time spent in this place.
 D = Time resting spent in this place.
 E = Time spent auto-exploring this place.
 F = Levels seen in this place.
 G = Mean time per level.
                   A        B        C        D        E       F      G
               +--------+--------+--------+--------+--------+-----+--------+
         Total |   5395 |   5245 |    150 |   1186 |   2311 |   9 |  599.4 |
       Dungeon |   5150 |   5014 |    136 |   1186 |   2227 |   6 |  858.3 |
        Temple |    111 |     97 |     14 |      0 |     84 |   1 |  111.0 |
         Sewer |     78 |     78 |      0 |      0 |      0 |   1 |   78.0 |
       Ossuary |     55 |     55 |      0 |      0 |      0 |   1 |   55.0 |
               +--------+--------+--------+--------+--------+-----+--------+

Top non-repeatable levels by time:
     D:1: 1295 daAuts
     D:2: 1126 daAuts
     D:5: 969 daAuts
     D:3: 723 daAuts
     D:4: 705 daAuts
     D:6: 330 daAuts
  Temple: 111 daAuts
   Sewer: 78 daAuts
 Ossuary: 55 daAuts
